 Dungeon Crawl Stone Soup version 0.17-a0-1951-g62301d3 (webtiles) character file.

4816 Jester the Nimble (level 10, -4/83 HPs)
             Began as a Merfolk Gladiator on Oct 3, 2015.
             Was a Believer of Okawaru.
             Slain by a death yak (16 damage)
             ... on level 8 of the Dungeon.
             The game lasted 00:23:16 (10150 turns).

Jester the Nimble (Merfolk Gladiator)              Turns: 10150, Time: 00:23:16

Health: -4/83      AC:  4    Str: 20    XL:     10   Next: 48%
Magic:  10/10      EV: 23    Int:  7    God:    Okawaru [**....]
Gold:   521        SH:  0    Dex: 19    Spells: 0 memorised, 9 levels left

rFire  . . .     SeeInvis .     a - +1 trident
rCold  . . .     Clarity  .     v - +0 leather armour
rNeg   . . .     SustAt   .     (no shield)
rPois  .         Gourm    .     c - +0 helmet
rElec  .         Spirit   .     s - +0 cloak
rCorr  .         Warding  .     j - +0 pair of gloves
rMut   .         Stasis   .     (no boots)
MR     .....                    (no amulet)
Stlth  +++.......               y - ring of stealth
                                B - ring of stealth

@: mighty, not resistant to hostile enchantments, fairly stealthy
A: change form in water, swift swim, blurry vision 1, deformed body, subdued
magic 1
a: Heroism, Renounce Religion


You were on level 8 of the Dungeon.
You worshipped Okawaru.
Okawaru was pleased with you.
You were not hungry.

You visited 2 branches of the dungeon, and saw 10 of its levels.

You collected 521 gold pieces.

Inventory:

Hand weapons
 a - a +1 trident (weapon)
Armour
 c - a +0 helmet (worn)
 j - a +0 pair of gloves (worn)
 s - a +0 cloak (worn)
 v - a +0 leather armour (worn)
Jewellery
 f - an uncursed ring of invisibility
 r - an uncursed ring of protection from cold
 y - a ring of stealth (right hand)
 B - a ring of stealth (left hand)
Magical devices
 p - a wand of polymorph (21)
 q - a wand of fireball (6)
Scrolls
 b - a scroll of fear
 g - 2 scrolls of enchant weapon
 m - 2 scrolls of recharging
 n - 7 scrolls of remove curse
 o - 2 scrolls of fog
 t - a scroll of blinking
Potions
 d - 2 potions of lignification
 h - 2 potions of cancellation
 w - a potion of invisibility
Books
 C - a book of Conjurations

   Spells                             Type                      Level
   a - Magic Dart                     Conjuration                  1
   b - Searing Ray                    Conjuration                  2
   c - Dazzling Spray                 Conjuration/Hexes            3
   d - Fulminant Prism                Conjuration/Hexes            4
   e - Iskenderun's Mystic Blast      Conjuration                  4
   f - Iskenderun's Battlesphere      Conjuration/Charms           5
Comestibles
 e - 5 bread rations
 k - 3 fruits


   Skills:
 * Level 9.1 Fighting
 - Level 12.2 Polearms
 - Level 2.0 Throwing
 - Level 13.0 Dodging


You had 9 spell levels left.
You didn't know any spells.

Dungeon Overview and Level Annotations

Branches:
Dungeon (9/15)             Temple (1/1) D:6
   Lair: D:8-11         Orc: D:9-12

Altars:
Ashenzari
Cheibriados
Elyvilon
Fedhas
Gozag
Makhleb
Nemelex Xobeh
Okawaru
Qazlal
Ru
Sif Muna
Trog
Vehumet
Yredelemnul
Zin
The Shining One

Shops:
D:5 }

Annotations:
D:4 Natasha


Innate Abilities, Weirdness & Mutations

You revert to your normal form in water.
You are very nimble and swift while swimming.
Scrolls take you a little longer to read.
Armour fits poorly on your strangely shaped body.
Your spells are a little easier to cast, but a little less powerful.


Message History

Okawaru accepts your kill.
Your Fighting skill increases to level 9!
The death yak misses you. The ogre misses you.
The death yak snorts and paws the ground.
There is a stone staircase leading up here.
The death yak barely misses you.
You climb upwards.
There is a stone staircase leading down here.
You feel very mighty all of a sudden. The death yak gores you!!
* * * LOW HITPOINT WARNING * * *
Really read with blurry vision while enemies are nearby? [Y]es or [N]o only, please.
Really read with blurry vision while enemies are nearby? [Y]es or [N]o only, please.
Really read with blurry vision while enemies are nearby?
The death yak barely misses you.
You begin reading the scroll.
You continue reading the scroll.
The death yak gores you!
You die...

##...#.###...........>....(......
#....#+#...#'##...########)##....
'....#####.+..#...'......).(#....
#...##...###..+...#.........#....
#..##.....##..#...#...=.....'....
#..#.......##.#...####+##.###....
####..._......##........#/#...#+#
..+#.......#+..+........'.+...+..
#####....†######@Y......#+#...###
....##...##...#######'#.....#####
.....#####'...'..'....'.....+....
÷....## ###...##+##+###.....#+##.
÷#....###................#+##.##.
.#....#.#................'.+.....
.#....'())...............#.#.....
.'....#.#..........>.....#.#.....
.#....#+#................########


You could see a death yak.

Vanquished Creatures
  Grinder (D:3)
  Eustachio (D:6)
  A hippogriff (D:8)
  A hungry ghost (D:9)
  The ghost of Pereza0 the Cutter, an average HaAr (D:4)
  Duvessa (D:6)
  6 ogres
  3 ice beasts
  4 phantoms
  4 centaurs (D:7)
  5 giant frogs
  2 big kobolds (D:8)
  3 scorpions
  Dowan (D:6)
  5 killer bees (D:9)
  The ghost of Gargoyl the Pure, a weakling DsAK of Lugonu (D:3)
  7 wights
  4 crimson imps
  2 centaur zombies (D:5)
  8 hounds
  4 orc wizards
  A gnoll shaman (D:6)
  Crazy Yiuf (D:6)
  2 orc priests
  2 centaur skeletons
  2 giant frog skeletons
  Jessica (D:2)
  Natasha (D:4)
  3 iguanas
  6 worker ants
  2 hound skeletons
  8 adders
  7 gnolls
  2 shadow imps
  3 worms
  2 giant geckos
  22 orcs
  9 giant cockroaches
  8 goblins
  9 hobgoblins
  18 jackals
  4 quokkas
  2 ball pythons
  16 bats
  A giant cockroach zombie (D:6)
  A giant gecko zombie (D:5)
  5 giant newts
  13 kobolds
  A quokka skeleton (D:6)
  6 rats
223 creatures vanquished.

Vanquished Creatures (collateral kills)
  A kobold (D:8)
1 creature vanquished.

Vanquished Creatures (others)
  An adder (D:7)
1 creature vanquished.

Grand Total: 225 creatures vanquished

Notes
Turn   | Place    | Note
--------------------------------------------------------------
     0 | D:1      | Jester the Merfolk Gladiator began the quest for the Orb.
     0 | D:1      | Reached XP level 1. HP: 16/16 MP: 1/1
    77 | D:1      | Reached skill level 5 in Polearms
    80 | D:1      | Reached XP level 2. HP: 2/22 MP: 2/2
   609 | D:1      | Reached XP level 3. HP: 27/27 MP: 3/3
   634 | D:1      | Reached skill level 6 in Polearms
  1093 | D:2      | Noticed Jessica
  1109 | D:2      | Killed Jessica
  1109 | D:2      | Reached skill level 7 in Polearms
  1109 | D:2      | Reached XP level 4. HP: 31/33 MP: 4/4
  1661 | D:3      | Found a faded altar to an unknown god.
  1833 | D:3      | Noticed Gargoyl's ghost (weakling DsAK)
  1847 | D:3      | Gained mutation: Scrolls take you a little longer to read. [potion of mutation]
  1847 | D:3      | Gained mutation: Armour fits poorly on your strangely shaped body. [potion of mutation]
  1847 | D:3      | Gained mutation: Your spells are a little easier to cast, but a little less powerful. [potion of mutation]
  1868 | D:3      | Killed Gargoyl's ghost
  1868 | D:3      | Reached skill level 8 in Polearms
  1868 | D:3      | Reached XP level 5. HP: 27/38 MP: 5/5
  2207 | D:3      | Noticed Grinder
  2227 | D:3      | Killed Grinder
  2227 | D:3      | Reached skill level 10 in Polearms
  2227 | D:3      | Reached XP level 6. HP: 35/44 MP: 6/6
  2604 | D:3      | Noticed a phantom
  2624 | D:3      | Killed a phantom
  2624 | D:3      | Reached skill level 11 in Polearms
  2624 | D:3      | Reached XP level 7. HP: 23/50 MP: 7/7
  3176 | D:4      | Noticed Pereza0's ghost (average HaAr)
  3208 | D:4      | Killed Pereza0's ghost
  3211 | D:4      | Noticed Natasha
  3217 | D:4      | Killed Natasha
  3418 | D:4      | Reached skill level 12 in Polearms
  3536 | D:4      | Reached skill level 5 in Dodging
  3568 | D:4      | Reached XP level 8. HP: 56/56 MP: 8/8
  3583 | D:4      | Noticed Natasha
  3643 | D:4      | Found a radiant altar of Vehumet.
  3644 | D:4      | Found a deep blue altar of Sif Muna.
  3967 | D:5      | Entered Level 5 of the Dungeon
  4145 | D:5      | Found Guobb's Gadget Boutique.
  5389 | D:6      | Noticed Dowan
  5407 | D:6      | Reached skill level 10 in Dodging
  5434 | D:6      | Killed Dowan
  5434 | D:6      | Reached XP level 9. HP: 49/61 MP: 9/9
  5436 | D:6      | Noticed Duvessa
  5457 | D:6      | Killed Duvessa
  5466 | D:6      | HP: 3/61 [wight/war axe (3)]
  6110 | D:6      | Found a staircase to the Ecumenical Temple.
  6111 | D:6      | Noticed Eustachio
  6141 | Temple   | Entered the Ecumenical Temple
  6356 | Temple   | Became a worshipper of Warmaster Okawaru
  6489 | D:6      | Killed Eustachio
  6637 | D:6      | Noticed Crazy Yiuf
  6657 | D:6      | Killed Crazy Yiuf
  7307 | D:7      | Reached skill level 13 in Dodging
  7937 | D:8      | Acquired Okawaru's first power
  7980 | D:8      | Reached skill level 5 in Fighting
  8021 | D:8      | Reached XP level 10. HP: 58/75 MP: 10/10
  8888 | D:8      | Found an opulent altar of Gozag.
  9523 | D:9      | Found a basalt altar of Yredelemnul.
 10122 | D:9      | Noticed a death yak
 10150 | D:8      | Slain by a death yak

Vault maps used:
D:1:      tarquinn_simple_flora_water_e
D:2:      first_bread, uniq_jessica
D:3:      ecumenical_altar_1, grunt_ministairs_2, uniq_grinder
D:4:      gammafunk_temple_overflow_statue, serial_bayou_crossing, uniq_natasha
D:5:      serial_shops, nicolae_shop_stone
D:6:      minmay_temple_entry_nine_rooms, minmay_misc_feat_plants,
          uniq_eustachio, uniq_crazy_yiuf_cottage, uniq_duvessa
D:7:      lemuel_flamethrower_1
D:8:      lemuel_round_altar, serial_glass, glass_columns_b, glass_columns_c,
          feat_on_display
D:9:      old_standard_altar, nicolae_overflow_hidden_temple,
          david_lair_generic, orc_david_3, basic_altar, serial_shops, shop,
          special_room
Temple:   circular_temple_12

Action                   |  1- 3 |  4- 6 |  7- 9 | 10-12 || total
-------------------------+-------+-------+-------+-------++-------
Melee: Trident           |   146 |   123 |   743 |   275 ||  1287
Throw: Throwing net      |       |       |     3 |       ||     3
  Use: Potion            |       |     7 |     2 |     5 ||    14
       Scroll            |       |       |     1 |    13 ||    14
 Stab: Sleeping          |     1 |     2 |     5 |     7 ||    15
       Held in net/web   |       |       |     2 |       ||     2
       Distracted        |       |       |     1 |     1 ||     2
  Eat: Meat ration       |       |     1 |     2 |     1 ||     4
       Bread ration      |       |       |     2 |     1 ||     3
       Fruit             |       |       |     1 |       ||     1
       Beef jerky        |       |       |       |     1 ||     1
